Map: 로스트 앤 파운드 - 래더

Players

IIIIIIIIIIII - Winner!

  • Race: Zerg Zerg
  • League: Grandmaster
  • Spawn Location: 1:00

SuperNova

  • Race: Terran Terran
  • League: Grandmaster
  • Spawn Location: 7:00

VOD

Have the link to the VOD?

Description

Time

  • Played on: Oct. 17, 2018, 1 a.m.
  • Length: 22:31
Show
View Real Time Build Order
Export as new Build Order

IIIIIIIIIIII Zerg - Winner!

Build Orders: Hatch First, Swarm Host 

Get SALT Encoding   

  12  0:01  Drone  
  13  0:12  Overlord  
  13  0:17  Drone  
  14  0:32  Drone x2  
  16  0:36  Drone  
  17  0:51  Hatchery  
  17  0:54  Drone  
  17  0:58  Drone  
  18  1:08  Extractor  
  17  1:12  Spawning Pool  
  17  1:16  Drone  
  17  1:19  Drone  
  18  1:30  Drone  
  19  1:41  Overlord  
  19  1:51  Drone  
  20  1:59  Queen  
  22  2:01  Zergling x2  
  22  2:03  Zergling x2, Queen  
  26  2:09  Metabolic Boost  
  26  2:13  Drone  
  27  2:16  Drone  
  27  2:22  Drone  
  29  2:25  Drone  
  30  2:35  Drone  
  31  2:38  Drone, Queen  
  31  2:44  Drone  
  35  2:46  Overlord  
  35  2:54  Overlord  
  36  2:58  Zergling x2  
  36  3:07  Drone  
  36  3:08  Drone x4  
  36  3:12  Drone x3  
  44  3:15  Queen  
  44  3:19  Drone  
  47  3:25  Drone  
  48  3:27  Hatchery  
  48  3:29  Overlord  
  48  3:33  Drone  
  48  3:38  Overlord  
  48  3:47  Drone x6  
  54  3:49  Overlord, Extractor  
  54  3:53  Queen  
  55  3:59  Drone  
  56  4:02  Overlord  
  56  4:05  Lair  
  56  4:07  Baneling Nest  
  56  4:09  Zergling x4  
  57  4:20  Zergling x4  
  59  4:24  Zergling x2  
  59  4:25  Zergling x4  
  59  4:28  Zergling x4  
  59  4:29  Zergling x2, Queen  
  67  4:34  Zergling x4  
  67  4:45  Drone x3, Queen  
  65  4:49  Spore Crawler  
  65  4:50  Drone  
  67  4:54  Drone  
  66  5:01  Drone x8  
  66  5:06  Spore Crawler  
  73  5:07  Spore Crawler  
  73  5:08  Overseer  
  73  5:13  Overseer  
  72  5:15  Drone x2  
  72  5:18  Extractor  
  72  5:21  Drone, Evolution Chamber x2  
  73  5:24  Drone  
  73  5:25  Drone x8  
  78  5:35  Baneling x3  
  78  5:39  Overlord x4  
  78  5:52  Overlord x2  
  78  5:54  Extractor x2  
  78  5:57  Zerg Melee Weapons Level 1  
  76  6:01  Zerg Ground Armor Level 1  
  76  6:04  Drone  
  76  6:05  Hatchery, Drone x5  
  76  6:06  Drone  
  76  6:07  Drone  
  76  6:08  Drone  
  76  6:09  Drone  
  85  6:19  Drone x2  
  85  6:24  Drone x2  
  89  6:26  Extractor  
  89  6:27  Hydralisk Den  
  89  6:29  Zergling x6  
  89  6:30  Infestation Pit, Zergling x8  
  93  6:43  Drone x2  
  93  6:46  Zergling x8  
  99  6:47  Baneling x2  
  99  6:51  Pneumatized Carapace  
  99  6:56  Overseer  
  99  6:59  Spore Crawler  
  98  7:02  Drone  
  98  7:03  Grooved Spines  
  98  7:06  Drone  
  98  7:07  Overlord, Drone x5  
  98  7:08  Overlord x2  
  105  7:16  Overseer  
  105  7:28  Extractor  
  104  7:32  Hydralisk x13  
  130  7:44  Drone x3  
  133  7:48  Overlord x3  
  133  8:06  Swarm Host x8  
  133  8:07  Swarm Host  
  133  8:12  Overlord x4  
  160  8:14  Swarm Host x2  
  166  8:20  Overlord x2  
  160  8:38  Zerg Missile Weapons Level 1  
  160  8:39  Swarm Host x5  
  175  8:43  Drone  
  175  8:44  Extractor, Drone x4  
  175  8:47  Drone x2  
  175  8:48  Drone  
  182  8:51  Spine Crawler  
  182  8:52  Spine Crawler, Hydralisk x5  
  182  8:53  Spine Crawler  
  189  8:56  Overlord x2, Hatchery  
  188  9:11  Zerg Melee Weapons Level 2  
  188  9:16  Hive  
  188  9:20  Spine Crawler  
  188  9:21  Spine Crawler  
  188  9:22  Hydralisk x5  
  189  9:24  Zergling x2  
  189  9:25  Zergling x14  
  194  9:34  Zergling x10  
  194  9:35  Centrifical Hooks  
  199  9:41  Spine Crawler  
  198  9:46  Muscular Augments  
  198  9:50  Spire  
  198  9:52  Zergling x6  
  199  9:56  Baneling x7  
  199  10:17  Zergling x2  
  199  10:18  Zergling x6  
  200  10:23  Baneling  
  200  10:24  Baneling x20  
  199  10:39  Zergling x2  
  183  10:58  Zergling x10  
  183  10:59  Zergling x24  
  183  11:04  Greater Spire  
  199  11:08  Zergling x2  
  199  11:11  Zergling x4  
  200  11:20  Baneling  
  200  11:21  Baneling x26  
  200  11:22  Baneling x6  
  200  11:43  Hatchery  
  199  11:53  Extractor  
  198  11:54  Extractor  
  198  11:56  Drone x3  
  200  12:03  Hatchery  
  198  12:17  Spire  
  197  12:23  Drone x2  
  197  12:26  Spore Crawler  
  193  12:50  Viper  
  193  12:51  Viper x3  
  168  12:53  Drone  
  168  12:55  Drone x4  
  168  12:57  Zergling x36  
  200  13:03  Overseer  
  200  13:04  Overseer x6  
  196  13:19  Baneling x2  
  196  13:20  Baneling x14  
  193  13:35  Zerg Missile Weapons Level 2, Zerg Melee Weapons Level 3  
  191  13:49  Drone x3  
  191  13:50  Spore Crawler  
  191  13:52  Spine Crawler  
  191  13:54  Spine Crawler  
  191  13:57  Spine Crawler, Spore Crawler, Extractor x2  
  191  14:02  Zerg Flyer Weapons Level 1  
  187  14:03  Corruptor, Zerg Flyer Armor Level 1  
  187  14:04  Corruptor x5  
  197  14:17  Baneling  
  197  14:18  Baneling x10  
  197  14:57  Corruptor  
  199  15:13  Corruptor x2  
  183  15:59  Drone x3  
  183  16:00  Drone x5  
  189  16:10  Corruptor x3  
  189  16:11  Corruptor x8  
  173  16:13  Zerg Flyer Weapons Level 2, Zerg Flyer Armor Level 2  
  173  16:16  Drone x3  
  159  16:29  Corruptor x11  
  181  16:33  Extractor  
  181  16:34  Extractor  
  181  16:36  Drone x3  
  182  16:40  Baneling x3  
  182  16:41  Zergling x24  
  182  16:42  Zergling x10  
  191  17:19  Brood Lord x4  
  199  17:24  Spine Crawler  
  199  17:25  Spine Crawler x2  
  199  17:26  Brood Lord, Spine Crawler  
  199  17:27  Brood Lord  
  197  17:50  Brood Lord  
  197  17:51  Brood Lord  
  193  18:14  Brood Lord x3  
  199  18:26  Baneling x2  
  199  18:27  Baneling x20  
  199  18:28  Zergling x2  
  173  18:57  Overlord x7  
  173  19:00  Corruptor  
  155  19:10  Hydralisk x4  
  169  19:21  Corruptor x6  
  169  19:22  Corruptor x2  
  169  19:24  Brood Lord x5  
  184  19:26  Zerg Flyer Armor Level 3, Zerg Flyer Weapons Level 3  
  184  19:29  Zergling x14  
  194  19:34  Spore Crawler x2  
  194  19:38  Spore Crawler, Overseer  
  191  19:39  Overlord x3  
  191  19:40  Overseer x2  
  191  19:47  Zergling x2  
  191  19:48  Zergling x16  
  200  19:55  Overseer  
  199  20:05  Corruptor x3  
  199  20:11  Unknown x2  
  199  20:12  Corruptor x2  
  199  20:13  Corruptor  
  197  20:18  Corruptor x3  
  194  20:23  Corruptor  
  194  20:24  Corruptor x4  
  198  20:31  Corruptor  
  199  20:56  Zergling x2  
  200  21:04  Hatchery  
  199  21:15  Overlord x3  
  199  21:16  Overseer  
  199  21:17  Overseer x2  
  199  21:37  Overlord  
  199  21:38  Overlord, Overseer  
  190  22:01  Unknown x2  
  190  22:02  Unknown x2  
  190  22:05  Zergling x36  
Show
View Real Time Build Order
Export as new Build Order

SuperNova Terran 

Build Orders: Reaper Expand, Hellion Banshee, Mech 

Get SALT Encoding   

  12  0:00  SCV  
  13  0:13  SCV  
  14  0:17  Supply Depot  
  14  0:25  SCV  
  15  0:38  SCV  
  15  0:40  Barracks  
  16  0:43  Refinery  
  16  0:50  SCV  
  17  1:02  SCV  
  18  1:14  SCV  
  19  1:27  Orbital Command, Reaper  
  20  1:39  Command Center  
  20  1:53  SCV  
  21  1:55  Supply Depot  
  21  1:59  Marine  
  22  2:04  Factory  
  22  2:06  SCV  
  23  2:15  Refinery  
  23  2:18  SCV  
  23  2:21  Barracks Reactor  
  24  2:30  SCV  
  25  2:42  SCV  
  26  2:50  Starport  
  26  2:51  Orbital Command  
  26  2:56  SCV  
  27  3:01  Hellion x2  
  27  3:03  Barracks Tech Lab  
  31  3:08  SCV  
  32  3:15  Supply Depot  
  32  3:17  SCV  
  33  3:20  SCV  
  33  3:22  Hellion x2  
  38  3:33  Viking  
  40  3:37  SCV x2  
  42  3:43  Hellion  
  42  3:44  Hellion  
  46  3:49  Supply Depot, SCV  
  46  3:54  SCV  
  48  4:01  SCV  
  49  4:04  Cloaking Field, Banshee  
  49  4:07  SCV  
  53  4:15  Command Center  
  53  4:19  SCV  
  53  4:20  Supply Depot, SCV  
  55  4:26  Hellion x2  
  55  4:29  Refinery  
  59  4:36  SCV  
  59  4:37  Refinery  
  58  4:45  SCV  
  57  4:47  Banshee  
  60  4:55  Armory x2  
  58  5:02  SCV, Hellion x2  
  58  5:05  SCV  
  57  5:13  Factory  
  57  5:14  Barracks Tech Lab  
  57  5:15  SCV  
  57  5:16  Factory  
  57  5:17  SCV  
  59  5:27  SCV  
  60  5:29  SCV  
  60  5:30  Banshee  
  60  5:31  Hellion x2  
  65  5:36  Orbital Command  
  65  5:39  SCV  
  66  5:44  Terran Vehicle And Ship Armor Level 1, Terran Vehicle Weapons Level 1  
  65  5:50  SCV  
  65  5:53  SCV, Hellion x2  
  70  6:03  Orbital Command  
  71  6:10  SCV  
  71  6:17  SCV  
  72  6:19  Starport Reactor  
  72  6:22  SCV  
  72  6:23  Hellion x2  
  77  6:26  Thor  
  77  6:27  Refinery  
  77  6:30  Supply Depot  
  77  6:32  Refinery, SCV  
  84  6:33  Thor, SCV  
  84  6:34  Supply Depot, SCV  
  92  6:45  SCV  
  93  6:52  SCV x2  
  95  6:54  Command Center  
  95  6:55  Hellion x2  
  95  6:57  SCV  
  95  6:58  Factory  
  95  7:00  Medivac x2  
  104  7:04  SCV  
  104  7:08  SCV  
  106  7:09  Supply Depot, SCV  
  106  7:12  Supply Depot  
  107  7:16  SCV  
  107  7:18  Barracks Reactor  
  107  7:20  Factory  
  108  7:23  SCV  
  109  7:31  Siege Tank x2, SCV x2  
  109  7:33  Supply Depot  
  109  7:35  SCV  
  109  7:36  Engineering Bay, Supply Depot  
  118  7:40  Hellion x2  
  118  7:43  SCV x2  
  124  7:45  Factory Tech Lab  
  124  7:46  Infernal Pre-Igniter  
  124  7:47  SCV  
  125  7:53  Terran Vehicle Weapons Level 2  
  125  7:54  Terran Vehicle And Ship Armor Level 2  
  125  7:59  Supply Depot  
  125  8:02  Supply Depot, Hellion x2  
  129  8:09  Viking x2  
  133  8:14  Siege Tank x2  
  139  8:21  Hellion x2  
  139  8:25  Siege Tank, Hellion  
  150  8:34  Planetary Fortress, Hellion  
  150  8:36  SCV x3  
  150  8:37  Refinery  
  153  8:45  Hellion x2  
  153  8:48  SCV x3  
  159  8:51  Refinery  
  159  8:53  Siege Tank, Thor x2  
  159  8:54  Siege Tank  
  166  8:56  Hellion  
  166  9:00  SCV x3  
  166  9:01  Supply Depot  
  166  9:02  Supply Depot  
  171  9:16  Supply Depot  
  171  9:17  Smart Servos  
  171  9:18  Hellion x2, Viking x2  
  171  9:20  Siege Tank  
  171  9:23  Hellion  
  171  9:24  Hellion  
  184  9:28  Siege Tank  
  185  9:31  Siege Tank  
  186  9:39  Missile Turret  
  186  9:40  Sensor Tower  
  186  9:41  Missile Turret, Hellion  
  186  9:45  SCV x3  
  191  9:47  Viking x2  
  191  9:48  Hellion  
  191  9:50  SCV  
  198  9:57  SCV x2  
  200  10:00  Command Center  
  200  10:15  Siege Tank  
  200  10:16  Terran Vehicle And Ship Armor Level 3, Terran Vehicle Weapons Level 3  
  199  10:24  Starport, Fusion Core  
  199  10:25  Starport  
  199  10:28  Siege Tank  
  163  10:57  Liberator x2, Hellion x2  
  163  11:01  Hellion x3  
  163  11:02  Siege Tank x2  
  167  11:13  Starport Tech Lab  
  173  11:18  Starport Reactor  
  173  11:22  Siege Tank  
  173  11:24  Command Center  
  173  11:25  Command Center  
  176  11:27  Missile Turret, Hellion x3  
  176  11:28  Missile Turret  
  176  11:29  Sensor Tower  
  176  11:30  Missile Turret  
  182  11:33  Raven  
  184  11:45  Hellion  
  184  11:46  Planetary Fortress  
  186  11:48  Advanced Ballistics  
  186  11:49  Refinery  
  186  11:50  Refinery  
  186  11:55  Ghost Academy  
  186  11:56  Barracks  
  186  11:57  Missile Turret x2, Barracks  
  186  11:58  Missile Turret  
  186  12:00  Missile Turret  
  186  12:09  Liberator x2  
  186  12:10  Liberator  
  186  12:15  Barracks Tech Lab  
  186  12:20  Liberator  
  186  12:22  Missile Turret  
  186  12:23  Missile Turret  
  186  12:24  Missile Turret  
  195  12:33  Hellion x3  
  195  12:38  Orbital Command x2  
  195  12:41  Missile Turret  
  195  12:42  Missile Turret  
  196  12:51  Raven  
  178  12:53  Terran Ship Weapons Level 1  
  178  12:55  Thor x2  
  178  12:56  Siege Tank  
  178  12:57  Hellion x2  
  197  13:02  Liberator, Ghost  
  197  13:04  Personal Cloaking, Barracks Tech Lab x2  
  199  13:06  Hi-Sec Auto Tracking  
  199  13:09  Missile Turret  
  196  13:24  Liberator x2  
  196  13:26  Missile Turret  
  199  14:00  Ghost Academy x3  
  199  14:02  Structure Armor  
  199  14:07  Command Center  
  199  14:30  Missile Turret x2  
  199  14:32  Missile Turret  
  189  14:48  Ghost x3  
  189  14:50  Nuke x2  
  189  14:51  Nuke x2  
  191  15:14  Terran Ship Weapons Level 2  
  191  15:16  Ghost  
  191  15:17  Ghost  
  191  15:20  Liberator  
  187  15:35  Ghost  
  189  15:36  Refinery  
  191  15:45  Ghost x2  
  195  15:57  Refinery  
  195  15:59  Missile Turret  
  195  16:00  Missile Turret  
  195  16:01  Missile Turret  
  195  16:02  Missile Turret  
  195  16:03  Missile Turret, Ghost  
  197  16:06  Liberator  
  197  16:07  Liberator x3  
  197  16:09  Liberator  
  181  16:13  Ghost  
  181  16:14  Ghost  
  185  16:20  Command Center  
  185  16:23  Command Center  
  200  16:52  Planetary Fortress  
  200  16:56  Missile Turret  
  200  16:57  Missile Turret  
  200  17:04  Refinery  
  198  17:12  Ghost  
  198  17:14  Ghost x2  
  198  17:16  Hellion  
  200  17:23  Missile Turret  
  200  17:26  Missile Turret  
  200  17:27  Missile Turret  
  200  17:28  Missile Turret  
  200  17:29  Missile Turret  
  200  17:36  Orbital Command x2  
  200  17:42  Command Center  
  190  17:48  Missile Turret  
  190  17:49  Terran Infantry Weapons Level 1  
  190  17:54  Sensor Tower  
  190  17:56  Missile Turret  
  189  18:06  Ghost  
  189  18:10  Ghost  
  189  18:12  Hellion x2  
  192  18:13  Viking x2  
  192  18:18  Ghost  
  198  18:20  Missile Turret  
  198  18:24  Missile Turret  
  198  18:25  Missile Turret  
  198  18:29  Missile Turret  
  195  18:35  Liberator  
  195  18:37  Liberator  
  193  18:51  Hellion  
  193  18:52  Hellion  
  193  18:53  Hellion  
  193  18:55  Viking x2, Hellion  
  179  18:58  Viking  
  165  19:11  Liberator  
  165  19:18  Liberator  
  165  19:19  Nuke x4, Terran Ship Weapons Level 3  
  165  19:25  Viking x2  
  165  19:28  Missile Turret  
  165  19:29  Missile Turret  
  172  19:32  Ghost  
  172  19:34  Ghost  
  172  19:36  Missile Turret  
  179  19:45  Viking  
  181  19:47  Hellion x4  
  189  19:59  Missile Turret, Viking x2  
  191  20:01  Hellion  
  180  20:08  Missile Turret  
  180  20:10  Missile Turret  
  180  20:11  Raven  
  170  20:15  Viking  
  170  20:18  Viking  
  161  20:22  Hellion  
  161  20:23  Hellion  
  161  20:24  Ghost  
  152  20:29  Viking x2  
  152  20:33  Ghost  
  136  20:45  Hellion, Viking  
  136  20:48  Viking  
  137  20:54  Raven, Ghost x2  
  143  20:59  Viking x2  
  143  21:01  Hellion x4  
  154  21:22  Viking x2  
  156  21:29  Viking x2  
  156  21:31  Nuke  
  159  21:36  Raven  
  161  21:44  Nuke  
  161  21:48  Command Center  
  148  22:08  Hellion  
Tags
 
Add a new tag
Caveats
  • Supply blocks, unpowered buildings, or Contaminate may cause inaccurate times.
  • Supply counts are checked every 10 seconds.